 Dungeon Crawl Stone Soup version 0.31-a0-180-g519b7de00c (webtiles) character file.

Game seed: 3850822582260712298

81 rabbitsville the Shooter (level 4, -4/34 HPs)
             Began as a Barachi Hexslinger on June 20, 2023.
             Killed from afar by Sigmund (9 damage)
             ... with a magic dart
             ... on level 2 of the Dungeon.
             The game lasted 00:04:56 (1740 turns).

rabbitsville the Shooter (Barachi Hexslinger)       Turns: 1740, Time: 00:04:57

Health: -4/34      AC:  3    Str: 10    XL:     4   Next: 42%
Magic:  5/5        EV: 13    Int: 13    God:
Gold:   74         SH:  5    Dex: 16    Spells: 4/5 levels left

rFire   . . .        a - +1 sling
rCold   . . .        (no shield)
rNeg    . . .        c - +0 robe
rPois   .            r - +0 helmet
rElec   .            (no cloak)
rCorr   .            (no gloves)
SInv    .            (no boots)
Will    .....        f - amulet of reflection
Stlth   +            k - ring of wizardry
HPRegen 0.25/turn    (no ring)
MPRegen 0.09/turn

%: reflection, wizardry (x1)
@: slow
A: amphibious, slowness 1, strong legs 1, +LOS
a: Hop


You were on level 2 of the Dungeon.
You visited 1 branch of the dungeon, and saw 2 of its levels.

You collected 74 gold pieces.

Inventory:

Hand Weapons
 a - a +1 sling (weapon)
Armour
 c - a +0 robe (worn)
 m - a +3 chain mail
 r - a +0 helmet (worn)
Jewellery
 f - an amulet of reflection (around neck)
 k - a ring of wizardry (left hand)
Scrolls
 b - 2 scrolls of poison
 d - 5 scrolls of identify {unknown}
 e - a scroll of fear {unknown}
 h - 3 scrolls of teleportation {unknown}
 n - a scroll of torment {unknown}
 o - a scroll of brand weapon {unknown}
 p - a scroll of vulnerability {unknown}
 q - a scroll of fog {unknown}
 s - a scroll of revelation {unknown}
Potions
 g - 2 potions of lignification {unknown}
 i - a potion of mutation {unknown}
 j - a potion of invisibility {unknown}
 l - a potion of ambrosia {unknown}


   Skills:
 + Level 2.6 Fighting
 * Level 3.4 Ranged Weapons
 + Level 3.1 Dodging
 - Level 1.1 Spellcasting
 - Level 3.2 Hexes


You had 4 spell levels left.
You knew the following spells:

 Your Spells              Type           Power      Damage    Failure   Level
a - Slow                  Hex            36%        N/A       3%          1

Your spell library contained the following spells:

 Spells                   Type           Power      Damage    Failure   Level
 Static Discharge         Conj/Air       0%         2-2/arc   16%         2
 Inner Flame              Hex/Fire       4%         N/A       16%         3
 Portal Projectile        Hex/Tloc       8%         N/A       16%         3
 Cause Fear               Hex            4%         N/A       28%         4
 Airstrike                Air            0%         2d(0-16)  69%         4
 Summon Lightning Spire   Summ/Air       0%         N/A       69%         4
 Simulacrum               Ice/Necr       0%         N/A       100%        6
 Ozocubu's Refrigeration  Ice            0%         4d7       100%        7
 Polar Vortex             Ice            0%         N/A       100%        9


Dungeon Overview and Level Annotations

Branches:
Dungeon (2/15)

Altars:

Annotations:
D:2 Sigmund


Innate Abilities, Weirdness & Mutations

You are amphibious.
You cover ground slowly.
You can hop short distances.
You have an extended range of vision and can be seen from far away.


Message History

You shoot a sling bullet. The sling bullet hits Sigmund.
Sigmund shouts!
Sigmund is lightly wounded.
You shoot a sling bullet. The sling bullet hits Sigmund.
Sigmund is moderately wounded.
Sigmund casts a spell.
Sigmund flickers and vanishes!
Deactivating autopickup; reactivate with Ctrl-A.
You hear a zap.
A puff of flame appears from out of thin air!
The puff of flame hits you!
No target in view!
Fire: a) +1 sling
Press: ? - help, Q - select action, (/) - cycle Shift-Dir - straight line You shoot a sling bullet.
Fire: a) +1 sling
Press: ? - help, Q - select action, (/) - cycle Shift-Dir - straight line You shoot a sling bullet.
You hear a zap.
A puff of flame appears from out of thin air!
The puff of flame hits you!
Fire: a) +1 sling
Press: ? - help, Q - select action, (/) - cycle Shift-Dir - straight line You shoot a sling bullet.
A magic dart appears from out of thin air!
The magic dart hits you.
Fire: a) +1 sling
Press: ? - help, Q - select action, (/) - cycle Shift-Dir - straight line You shoot a sling bullet.
You are confused.
You bump into the rock wall.
You hear a zap.
A puff of flame appears from out of thin air!
The puff of flame hits you!
* * * LOW HITPOINT WARNING * * *
You bump into the rock wall.
You feel less confused.
A magic dart appears from out of thin air!
The magic dart hits you!
You die...

##.##
##.######.......
##.###)##
#....######
##.#.#####....##
##.##
#.......##### #{#
#............ #.#
#......<##### #.#
###....## #. #.#
##.....####.
#@#####...........
#............####.
#######.#.#..####.
#.#.#.......
#.#.##.#####
#†#.##......
#.#.........
#.##########
#.##########


There were no monsters in sight!

Vanquished Creatures
  Robin (D:2)
  An adder (D:2)
  A worm (D:2)
  2 dart slugs
  2 bats
  8 endoplasms
  10 goblins
  8 hobgoblins
  4 jackals (D:1)
  2 kobolds
  A quokka (D:2)
  3 ball pythons
  2 frilled lizards
  2 rats (D:2)
47 creatures vanquished.

Notes
Turn   | Place    | Note
-------+----------+-------------------------------------------
     0 | D:1      | rabbitsville the Barachi Hexslinger began the quest for the
                  | Orb.
     0 | D:1      | Reached XP level 1. HP: 15/15 MP: 2/2
   172 | D:1      | Reached XP level 2. HP: 21/21 MP: 3/3
   847 | D:1      | Reached XP level 3. HP: 27/27 MP: 4/4
   947 | D:1      | Found a faded altar of an unknown god.
  1307 | D:2      | Noticed Robin
  1324 | D:2      | Killed Robin
  1325 | D:2      | Reached XP level 4. HP: 22/34 MP: 5/5
  1722 | D:2      | Noticed Sigmund
  1729 | D:2      | HP: 1/34 [something/puff of flame (13)]
  1740 | D:2      | Killed from afar by Sigmund

Illustrated notes

Levels and vault maps discovered:
D:1:      dpeg_arrival_round_a, layout_basic, shapermc_ecumenical_altar_petra,
          wad_floor_pattern_untrapped, grunt_decor_fettered,
          minmay_curled_crystal
D:2:      layout_loops_ring, uniq_robin, uniq_sigmund

Skill      XL: |  1  2  3 |
---------------+----------+-----
Fighting       | 2 |  2.6
Ranged Weapons | 3 |  3.4
Dodging        | 3 |  3.1
Spellcasting   | |  1.1
Hexes          | |  3.2

Action                     |  1- 3 |  4- 6 || total
---------------------------+-------+-------++-------
   Fire: Sling             |   130 |    44 ||   174
   Cast: Slow              |     1 |       ||     1
 Armour: Robe              |    13 |     3 ||    16
  Dodge: Dodged            |    21 |    12 ||    33
  Block: Other             |    13 |     8 ||    21

Table legend: (Time is in decaauts)
 A = Elapsed time spent in this place.
 B = Non-inter-level travel time spent in this place.
 C = Inter-level travel time spent in this place.
 D = Time resting spent in this place.
 E = Time spent auto-exploring this place.
 F = Levels seen in this place.
 G = Mean time per level.
                   A        B        C        D        E       F      G
               +--------+--------+--------+--------+--------+-----+--------+
         Total |   2035 |   1989 |     46 |      0 |   1583 |   2 | 1017.5 |
       Dungeon |   2035 |   1989 |     46 |      0 |   1583 |   2 | 1017.5 |
               +--------+--------+--------+--------+--------+-----+--------+

Top non-repeatable levels by time:
     D:1: 1239 daAuts
     D:2: 795 daAuts
